3254 views
Uploaded 2020-07-15 00:33:51
Game version 1.32.6 / 1.32.7
19:17 long 4on4 ladder game on (8)TwilightRuins_LV
Saved by Immortalsoul
3254 views
Uploaded 2020-07-15 00:33:51
Game version 1.32.6 / 1.32.7
19:17 long 4on4 ladder game on (8)TwilightRuins_LV


157 units @ 22k
/ 2.5k
75 buildings @ 10.3k
/ 4.1k


| Lesser Clarity Potion | 8 | 560 |
| Scroll of Regeneration | 3 | 300 |
| Potion of Healing | 3 | 450 |
| Potion of Mana | 2 | 400 |
| Scroll of Town Portal | 2 | 700 |
| total: | 18 | 2410g |
| Peasant | 22 | 1650 | / | 0 |
| Rifleman | 14 | 2870 | / | 420 |
| Mortar Team | 6 | 1080 | / | 420 |
| Goblin Zeppelin | 1 | 240 | / | 60 |
| total: | 43 | 5840g | / | 900w |
| Scout Tower | 8 | 240 | / | 160 |
| Arcane Tower | 3 | 210 | / | 150 |
| Guard Tower | 4 | 280 | / | 200 |
| Farm | 9 | 720 | / | 180 |
| Altar of Kings | 2 | 360 | / | 100 |
| Barracks | 1 | 160 | / | 60 |
| Blacksmith | 1 | 140 | / | 60 |
| Arcane Vault | 1 | 130 | / | 30 |
| Lumber Mill | 1 | 120 | / | 0 |
| Town Hall | 3 | 1155 | / | 615 |
| Workshop | 1 | 140 | / | 140 |
| Keep | 2 | 640 | / | 420 |
| total: | 27 | 3165g | / | 1345w |
| 0:02 | Peasant |
| 0:03 | Peasant |
| 0:20 | Farm |
| 0:21 | Peasant |
| 0:21 | Peasant |
| 0:28 | Altar of Kings |
| 0:30 | Peasant |
| 0:35 | Farm |
| 0:44 | Peasant |
| 0:44 | Peasant |
| 1:37 | Peasant |
| 1:38 | Peasant |
| 1:51 | Scout Tower |
| 1:55 | Peasant |
| 1:55 | Peasant |
| 2:05 | Barracks |
| 2:11 | Blacksmith |
| 2:14 | Farm |
| 2:21 | Peasant |
| 2:21 | Peasant |
| 2:30 | Storm Bolt |
| 2:31 | Storm Bolt |
| 2:38 | Scout Tower |
| 2:46 | Peasant |
| 2:46 | Peasant |
| 2:53 | Arcane Vault |
| 3:03 | Scout Tower |
| 3:24 | Rifleman |
| 3:26 | Arcane Tower |
| 3:35 | Rifleman |
| 3:55 | Rifleman |
| 4:02 | Lesser Clarity Potion |
| 4:05 | Farm |
| 4:16 | Peasant |
| 4:27 | Lumber Mill |
| 4:53 | Rifleman |
| 4:56 | Scout Tower |
| 4:58 | Guard Tower |
| 4:59 | Rifleman |
| 5:11 | Keep |
| 5:23 | Rifleman |
| 5:28 | Guard Tower |
| 5:33 | Farm |
| 5:49 | Scroll of Regeneration |
| 5:49 | Lesser Clarity Potion |
| 5:49 | Lesser Clarity Potion |
| 5:52 | Lesser Clarity Potion |
| 6:20 | Bash |
| 6:57 | Scroll of Regeneration |
| 6:59 | Rifleman |
| 7:00 | Lesser Clarity Potion |
| 7:00 | Lesser Clarity Potion |
| 7:04 | Rifleman |
| 7:59 | Storm Bolt |
| 8:15 | Town Hall |
| 8:45 | Scout Tower |
| 8:46 | Scout Tower |
| 8:46 | Scout Tower |
| 8:54 | Scout Tower |
| 9:12 | Long Rifles |
| 9:27 | Arcane Tower |
| 9:28 | Guard Tower |
| 9:34 | Workshop |
| 10:05 | Peasant |
| 10:40 | Potion of Healing |
| 10:41 | Potion of Mana |
| 10:44 | Rifleman |
| 10:45 | Flare |
| 10:45 | Mortar Team |
| 10:48 | Farm |
| 10:48 | Farm |
| 11:20 | Mortar Team |
| 11:29 | Rifleman |
| 11:33 | Potion of Healing |
| 11:34 | Lesser Clarity Potion |
| 11:35 | Lesser Clarity Potion |
| 11:35 | Potion of Mana |
| 11:40 | Siphon Mana |
| 12:03 | Scroll of Regeneration |
| 12:06 | Rifleman |
| 12:06 | Rifleman |
| 12:19 | Potion of Healing |
| 12:27 | Scroll of Town Portal |
| 12:28 | Scroll of Town Portal |
| 12:38 | Mortar Team |
| 12:54 | Rifleman |
| 12:58 | Farm |
| 14:09 | Farm |
| 14:22 | Mortar Team |
| 14:22 | Rifleman |
| 14:35 | Improved Lumber Harvesting |
| 14:35 | Advanced Lumber Harvesting |
| 14:42 | Altar of Kings |
| 14:55 | Mortar Team |
| 15:26 | Mortar Team |
| 15:59 | Peasant |
| 16:00 | Peasant |
| 16:00 | Peasant |
| 16:00 | Peasant |
| 16:00 | Peasant |
| 16:24 | Goblin Zeppelin |
| 17:29 | Town Hall |
| 18:47 | Town Hall |
| Right click | 987 |
| Select | 426 |
| Select group | 372 |
| Build/train/purchase | 117 |
| Use ability | 51 |
| Misc. action | 47 |
| Assign group | 32 |
| Esc | 10 |
| Chat | 4 |
| Item give/drop | 3 |
| Minimap ping | 3 |


x1)
| Scroll of Regeneration | 5 | 500 |
| Lesser Clarity Potion | 4 | 280 |
| Scroll of Town Portal | 3 | 1050 |
| Scroll of Healing | 2 | 500 |
| Potion of Lesser Invulnerability | 1 | 150 |
| Tome of Retraining | 1 | 300 |
| total: | 16 | 2780g |
| Peasant | 12 | 900 | / | 0 |
| Footman | 5 | 675 | / | 0 |
| Rifleman | 13 | 2665 | / | 390 |
| Priest | 2 | 270 | / | 20 |
| Sorceress | 1 | 155 | / | 20 |
| Spell Breaker | 4 | 860 | / | 120 |
| Goblin Shredder | 3 | 1125 | / | 300 |
| total: | 40 | 6650g | / | 850w |
| Scout Tower | 2 | 60 | / | 40 |
| Arcane Tower | 2 | 140 | / | 100 |
| Altar of Kings | 1 | 180 | / | 50 |
| Farm | 8 | 640 | / | 160 |
| Barracks | 2 | 320 | / | 120 |
| Blacksmith | 1 | 140 | / | 60 |
| Town Hall | 1 | 385 | / | 205 |
| Arcane Vault | 2 | 260 | / | 60 |
| Lumber Mill | 1 | 120 | / | 0 |
| Arcane Sanctum | 1 | 150 | / | 140 |
| Keep | 1 | 320 | / | 210 |
| total: | 19 | 2255g | / | 835w |
| 0:02 | Peasant |
| 0:02 | Peasant |
| 0:06 | Altar of Kings |
| 0:18 | Farm |
| 0:19 | Barracks |
| 0:29 | Peasant |
| 0:46 | Peasant |
| 1:02 | Peasant |
| 1:03 | Farm |
| 1:22 | Footman |
| 1:25 | Peasant |
| 1:30 | Farm |
| 1:40 | Footman |
| 1:48 | Peasant |
| 2:02 | Peasant |
| 2:03 | Footman |
| 2:20 | Summon Water Elemental |
| 2:26 | Footman |
| 2:26 | Peasant |
| 2:43 | Peasant |
| 2:55 | Farm |
| 3:01 | Peasant |
| 3:18 | Brilliance Aura |
| 3:28 | Peasant |
| 3:48 | Blacksmith |
| 4:20 | Summon Water Elemental |
| 4:23 | Town Hall |
| 4:27 | Arcane Vault |
| 4:29 | Footman |
| 4:37 | Lumber Mill |
| 4:44 | Defend |
| 4:55 | Scroll of Regeneration |
| 4:55 | Scroll of Regeneration |
| 5:09 | Scout Tower |
| 5:55 | Rifleman |
| 5:57 | Arcane Tower |
| 6:10 | Barracks |
| 6:12 | Keep |
| 6:20 | Rifleman |
| 6:44 | Rifleman |
| 6:47 | Scroll of Regeneration |
| 6:47 | Lesser Clarity Potion |
| 7:33 | Rifleman |
| 7:45 | Goblin Shredder |
| 7:45 | Goblin Shredder |
| 7:45 | Goblin Shredder |
| 7:48 | Scout Tower |
| 7:53 | Rifleman |
| 8:17 | Arcane Tower |
| 8:19 | Rifleman |
| 9:06 | Long Rifles |
| 9:21 | Rifleman |
| 9:24 | Black Gunpowder |
| 9:39 | Scroll of Regeneration |
| 9:40 | Scroll of Town Portal |
| 9:42 | Lesser Clarity Potion |
| 9:52 | Arcane Sanctum |
| 9:54 | Rifleman |
| 10:04 | Storm Bolt |
| 10:08 | Rifleman |
| 10:18 | Farm |
| 10:56 | Rifleman |
| 11:07 | Priest |
| 11:08 | Priest |
| 11:33 | Rifleman |
| 11:36 | Brilliance Aura |
| 12:16 | Priest Adept Training |
| 12:20 | Farm |
| 12:23 | Farm |
| 12:23 | Farm |
| 12:25 | Refined Gunpowder |
| 12:25 | Studded Leather Armor |
| 12:39 | Scroll of Town Portal |
| 12:44 | Potion of Lesser Invulnerability |
| 12:46 | Scroll of Healing |
| 13:10 | Tome of Retraining |
| 13:10 | Retrain Hero |
| 13:12 | Blizzard |
| 13:13 | Blizzard |
| 13:13 | Brilliance Aura |
| 13:13 | Brilliance Aura |
| 13:18 | Sorceress |
| 13:45 | Arcane Vault |
| 14:39 | Rifleman |
| 15:49 | Scroll of Town Portal |
| 15:49 | Scroll of Regeneration |
| 15:50 | Lesser Clarity Potion |
| 16:01 | Lesser Clarity Potion |
| 16:05 | Spell Breaker |
| 16:05 | Spell Breaker |
| 16:19 | Thunder Clap |
| 16:31 | Spell Breaker |
| 17:33 | Spell Breaker |
| 17:54 | Rifleman |
| 18:14 | Scroll of Healing |
| Right click | 957 |
| Select group | 876 |
| Select | 509 |
| Misc. action | 247 |
| Build/train/purchase | 120 |
| Assign group | 41 |
| Use ability | 37 |
| Minimap ping | 9 |
| Item give/drop | 2 |
| Esc | 1 |


| Healing Salve | 8 | 800 |
| Lesser Clarity Potion | 7 | 490 |
| Scroll of Speed | 3 | 150 |
| Potion of Mana | 1 | 200 |
| Scroll of Town Portal | 6 | 2100 |
| Scroll of Regeneration | 3 | 300 |
| total: | 28 | 4040g |
| Peon | 5 | 375 | / | 0 |
| Grunt | 16 | 3200 | / | 0 |
| Raider | 3 | 540 | / | 120 |
| Kodo Beast | 1 | 255 | / | 60 |
| total: | 25 | 4370g | / | 180w |
| Watch Tower | 1 | 110 | / | 80 |
| Barracks | 2 | 360 | / | 100 |
| Orc Burrow | 5 | 800 | / | 200 |
| Altar of Storms | 1 | 180 | / | 50 |
| Voodoo Lounge | 1 | 130 | / | 30 |
| War Mill | 1 | 205 | / | 0 |
| Beastiary | 1 | 145 | / | 140 |
| Stronghold | 2 | 630 | / | 380 |
| total: | 12 | 1930g | / | 600w |
| 0:03 | Peon |
| 0:03 | Peon |
| 0:08 | Barracks |
| 0:20 | Orc Burrow |
| 0:22 | Peon |
| 0:36 | Altar of Storms |
| 0:44 | Peon |
| 0:44 | Peon |
| 1:11 | Grunt |
| 1:26 | Orc Burrow |
| 1:42 | Grunt |
| 1:54 | Voodoo Lounge |
| 2:18 | Grunt |
| 2:34 | Endurance Aura |
| 2:48 | Grunt |
| 2:55 | Barracks |
| 3:09 | Orc Burrow |
| 3:13 | Healing Salve |
| 3:35 | Grunt |
| 3:53 | Pillage |
| 3:55 | Shockwave |
| 4:02 | Grunt |
| 4:29 | Grunt |
| 4:44 | Stronghold |
| 5:10 | Grunt |
| 5:13 | Scroll of Regeneration |
| 5:13 | Scroll of Regeneration |
| 5:36 | War Mill |
| 5:41 | Shockwave |
| 5:56 | Orc Burrow |
| 6:44 | Healing Salve |
| 6:45 | Lesser Clarity Potion |
| 6:52 | Scroll of Speed |
| 6:56 | Healing Salve |
| 6:59 | Grunt |
| 7:06 | Berserker Strength |
| 7:27 | Steel Armor |
| 7:27 | Thorium Armor |
| 7:29 | Watch Tower |
| 8:12 | Endurance Aura |
| 8:51 | Grunt |
| 9:02 | Hex |
| 9:06 | Scroll of Town Portal |
| 9:09 | Lesser Clarity Potion |
| 9:11 | Scroll of Regeneration |
| 9:20 | Reinforced Defenses |
| 10:12 | Steel Melee Weapons |
| 10:12 | Thorium Melee Weapons |
| 10:14 | Beastiary |
| 11:23 | Ensnare |
| 11:25 | Orc Burrow |
| 12:00 | Scroll of Town Portal |
| 12:00 | Healing Salve |
| 12:00 | Lesser Clarity Potion |
| 12:07 | Potion of Mana |
| 12:07 | Scroll of Speed |
| 12:12 | Arcanite Armor |
| 12:21 | Lesser Clarity Potion |
| 12:23 | Raider |
| 12:42 | Raider |
| 13:10 | Kodo Beast |
| 13:37 | Arcanite Melee Weapons |
| 14:17 | Healing Salve |
| 14:21 | Lesser Clarity Potion |
| 14:23 | Scroll of Town Portal |
| 14:28 | Grunt |
| 14:55 | Grunt |
| 15:21 | Grunt |
| 15:36 | Healing Salve |
| 15:37 | Lesser Clarity Potion |
| 16:02 | Lesser Clarity Potion |
| 16:06 | Scroll of Speed |
| 16:08 | Healing Salve |
| 16:25 | Shockwave |
| 16:41 | Raider |
| 16:42 | Grunt |
| 16:48 | Scroll of Town Portal |
| 16:48 | Scroll of Town Portal |
| 16:49 | Scroll of Town Portal |
| 17:22 | Healing Wave |
| 17:30 | Grunt |
| 17:50 | Healing Salve |
| 17:59 | Grunt |
| Right click | 1959 |
| Select group | 1488 |
| Select | 676 |
| Misc. action | 156 |
| Build/train/purchase | 111 |
| Use ability | 75 |
| Assign group | 54 |
| Minimap ping | 52 |
| Item give/drop | 5 |



| Lesser Clarity Potion | 17 | 1190 |
| Orb of Venom | 1 | 325 |
| Staff of Preservation | 1 | 150 |
| Anti-magic Potion | 1 | 100 |
| Scroll of Town Portal | 3 | 1050 |
| total: | 23 | 2815g |
| Wisp | 25 | 1500 | / | 0 |
| Archer | 19 | 2470 | / | 190 |
| Dryad | 3 | 435 | / | 180 |
| Mountain Giant | 2 | 700 | / | 200 |
| total: | 49 | 5105g | / | 570w |
| Altar of Elders | 1 | 180 | / | 50 |
| Moon Well | 7 | 1260 | / | 280 |
| Ancient of War | 1 | 150 | / | 60 |
| Ancient of Wonders | 2 | 180 | / | 60 |
| Hunter's Hall | 1 | 210 | / | 100 |
| Tree of Life | 1 | 340 | / | 185 |
| Ancient of Lore | 2 | 310 | / | 290 |
| Ancient of Wind | 1 | 150 | / | 140 |
| Chimaera Roost | 1 | 140 | / | 190 |
| Tree of Ages | 1 | 320 | / | 180 |
| Tree of Eternity | 1 | 330 | / | 200 |
| total: | 17 | 2920g | / | 1355w |
| 0:01 | Wisp |
| 0:01 | Wisp |
| 0:06 | Altar of Elders |
| 0:09 | Moon Well |
| 0:30 | Wisp |
| 0:49 | Ancient of War |
| 0:51 | Wisp |
| 0:56 | Wisp |
| 1:20 | Wisp |
| 1:33 | Moon Well |
| 1:35 | Wisp |
| 1:45 | Ancient of Wonders |
| 1:50 | Archer |
| 2:01 | Wisp |
| 2:03 | Force of Nature |
| 2:31 | Wisp |
| 2:57 | Tree of Ages |
| 3:10 | Archer |
| 3:10 | Archer |
| 3:19 | Entangling Roots |
| 3:29 | Hunter's Hall |
| 3:38 | Lesser Clarity Potion |
| 3:39 | Lesser Clarity Potion |
| 3:54 | Archer |
| 3:55 | Moon Well |
| 4:10 | Archer |
| 4:30 | Lesser Clarity Potion |
| 4:30 | Lesser Clarity Potion |
| 4:51 | Archer |
| 5:29 | Improved Bows |
| 5:30 | Force of Nature |
| 5:39 | Tree of Life |
| 5:44 | Frost Arrows |
| 6:00 | Archer |
| 6:17 | Wisp |
| 6:18 | Wisp |
| 6:26 | Ancient of Lore |
| 6:47 | Wisp |
| 6:47 | Wisp |
| 7:08 | Lesser Clarity Potion |
| 7:33 | Lesser Clarity Potion |
| 7:36 | Tree of Eternity |
| 8:00 | Wisp |
| 8:00 | Wisp |
| 8:00 | Wisp |
| 8:01 | Wisp |
| 8:01 | Wisp |
| 8:13 | Archer |
| 8:15 | Ultravision |
| 8:39 | Wisp |
| 8:40 | Wisp |
| 9:17 | Entangling Roots |
| 9:31 | Archer |
| 9:31 | Archer |
| 9:46 | Ancient of Lore |
| 10:08 | Marksmanship |
| 10:13 | Forked Lightning |
| 10:39 | Lesser Clarity Potion |
| 10:40 | Lesser Clarity Potion |
| 10:41 | Well Spring |
| 10:45 | Wisp |
| 10:53 | Wisp |
| 10:54 | Wisp |
| 10:54 | Archer |
| 10:55 | Archer |
| 10:56 | Scroll of Town Portal |
| 10:56 | Orb of Venom |
| 11:19 | Lesser Clarity Potion |
| 11:19 | Lesser Clarity Potion |
| 11:33 | Dryad |
| 11:33 | Abolish Magic |
| 11:36 | Archer |
| 11:52 | Lesser Clarity Potion |
| 11:52 | Lesser Clarity Potion |
| 11:52 | Staff of Preservation |
| 12:20 | Forked Lightning |
| 12:52 | Trueshot Aura |
| 12:58 | Lesser Clarity Potion |
| 12:59 | Scroll of Town Portal |
| 13:02 | Hardened Skin |
| 13:05 | Moon Well |
| 13:05 | Moon Well |
| 13:23 | Archer |
| 13:24 | Strength of the Moon |
| 14:12 | Archer |
| 14:14 | Resistant Skin |
| 14:37 | Moon Well |
| 14:38 | Moon Well |
| 14:39 | Lesser Clarity Potion |
| 14:39 | Lesser Clarity Potion |
| 14:40 | Anti-magic Potion |
| 15:55 | Mountain Giant |
| 15:55 | Archer |
| 15:59 | Scroll of Town Portal |
| 15:59 | Lesser Clarity Potion |
| 16:09 | Mountain Giant |
| 16:13 | Ancient of Wind |
| 16:28 | Lesser Clarity Potion |
| 16:42 | Archer |
| 16:45 | Reinforced Hides |
| 16:46 | Archer |
| 16:49 | Archer |
| 17:01 | Ancient of Wonders |
| 17:05 | Wisp |
| 17:05 | Wisp |
| 17:26 | Chimaera Roost |
| 17:49 | Scout |
| 18:04 | Dryad |
| 18:04 | Dryad |
| Right click | 1506 |
| Select group | 1098 |
| Select | 609 |
| Misc. action | 232 |
| Assign group | 205 |
| Build/train/purchase | 125 |
| Use ability | 64 |
| Chat | 10 |
| Resource trade | 5 |
| Item give/drop | 3 |
| Minimap ping | 2 |
| Esc | 1 |
160 units @ 18.8k
/ 2.2k
77 buildings @ 12.7k
/ 5k

| Wisp | 50 | 3000 | / | 0 |
| Huntress | 9 | 1755 | / | 180 |
| total: | 59 | 4755g | / | 180w |
| Ancient Protector | 3 | 405 | / | 240 |
| Altar of Elders | 3 | 540 | / | 150 |
| Moon Well | 4 | 720 | / | 160 |
| Ancient of War | 7 | 1050 | / | 420 |
| Hunter's Hall | 1 | 210 | / | 100 |
| Ancient of Wonders | 1 | 90 | / | 30 |
| Tree of Life | 5 | 1700 | / | 925 |
| total: | 24 | 4715g | / | 2025w |
| 0:01 | Wisp |
| 0:01 | Wisp |
| 0:05 | Altar of Elders |
| 0:16 | Moon Well |
| 0:18 | Wisp |
| 0:31 | Wisp |
| 0:41 | Wisp |
| 0:45 | Wisp |
| 1:00 | Wisp |
| 1:10 | Wisp |
| 1:11 | Wisp |
| 1:16 | Ancient of War |
| 1:47 | Wisp |
| 2:10 | Hunter's Hall |
| 2:11 | Ancient of War |
| 2:14 | Ancient of War |
| 2:18 | Searing Arrows |
| 2:27 | Moon Well |
| 2:36 | Ancient of War |
| 3:01 | Moon Well |
| 3:03 | Wisp |
| 3:03 | Wisp |
| 3:22 | Huntress |
| 3:26 | Strength of the Moon |
| 3:57 | Huntress |
| 4:07 | Ancient of Wonders |
| 4:29 | Huntress |
| 4:40 | Moon Well |
| 4:53 | Moon Armor |
| 5:08 | Sentinel |
| 5:33 | Huntress |
| 5:44 | Ultravision |
| 5:52 | Trueshot Aura |
| 5:55 | Huntress |
| 6:29 | Wisp |
| 6:29 | Wisp |
| 6:48 | Tree of Life |
| 7:12 | Tree of Life |
| 7:14 | Tree of Life |
| 7:25 | Ancient Protector |
| 7:51 | Trueshot Aura |
| 9:03 | Wisp |
| 10:05 | Wisp |
| 10:05 | Wisp |
| 10:11 | Wisp |
| 10:11 | Wisp |
| 10:13 | Wisp |
| 10:13 | Wisp |
| 10:14 | Wisp |
| 10:26 | Huntress |
| 11:05 | Wisp |
| 11:05 | Wisp |
| 11:41 | Wisp |
| 11:41 | Wisp |
| 11:41 | Wisp |
| 11:41 | Wisp |
| 11:58 | Wisp |
| 12:04 | Altar of Elders |
| 12:06 | Altar of Elders |
| 12:12 | Wisp |
| 12:13 | Wisp |
| 12:15 | Ancient Protector |
| 12:24 | Wisp |
| 12:35 | Huntress |
| 12:35 | Huntress |
| 12:47 | Wisp |
| 12:48 | Wisp |
| 12:49 | Wisp |
| 12:49 | Wisp |
| 12:54 | Huntress |
| 13:12 | Ancient Protector |
| 14:58 | Tree of Life |
| 15:02 | Searing Arrows |
| 15:34 | Ancient of War |
| 16:07 | Ancient of War |
| 16:08 | Ancient of War |
| 17:00 | Tree of Life |
| 17:06 | Wisp |
| 17:06 | Wisp |
| 17:06 | Wisp |
| 17:07 | Wisp |
| 18:43 | Wisp |
| 18:43 | Wisp |
| 18:44 | Wisp |
| 18:44 | Wisp |
| 18:52 | Trueshot Aura |
| 19:05 | Wisp |
| 19:06 | Wisp |
| 19:06 | Wisp |
| 19:06 | Wisp |
| 19:06 | Wisp |
| 19:16 | Wisp |
| Right click | 617 |
| Select group | 347 |
| Select | 324 |
| Misc. action | 224 |
| Build/train/purchase | 83 |
| Assign group | 36 |
| Use ability | 19 |
| Chat | 14 |
| Minimap ping | 10 |
| Resource trade | 9 |
| Remove unit | 3 |



| Rod of Necromancy | 1 | 150 |
| Sacrificial Skull | 1 | 50 |
| Potion of Mana | 1 | 200 |
| Scroll of Town Portal | 4 | 1400 |
| total: | 7 | 1800g |
| Acolyte | 14 | 1050 | / | 0 |
| Ghoul | 3 | 360 | / | 0 |
| Crypt Fiend | 5 | 1075 | / | 200 |
| Obsidian Statue | 3 | 600 | / | 105 |
| Abomination | 1 | 240 | / | 70 |
| Goblin Shredder | 1 | 375 | / | 100 |
| total: | 27 | 3700g | / | 475w |
| Nerubian Tower | 3 | 300 | / | 60 |
| Spirit Tower | 2 | 290 | / | 80 |
| Crypt | 1 | 200 | / | 50 |
| Graveyard | 2 | 430 | / | 0 |
| Ziggurat | 8 | 1200 | / | 400 |
| Altar of Darkness | 1 | 180 | / | 50 |
| Tomb of Relics | 1 | 130 | / | 30 |
| Necropolis | 2 | 450 | / | 0 |
| Sacrificial Pit | 3 | 225 | / | 450 |
| Slaughterhouse | 1 | 140 | / | 135 |
| Halls of the Dead | 2 | 640 | / | 420 |
| Black Citadel | 1 | 325 | / | 230 |
| total: | 19 | 2955g | / | 1115w |
| 0:01 | Acolyte |
| 0:01 | Acolyte |
| 0:07 | Crypt |
| 0:18 | Graveyard |
| 0:36 | Ziggurat |
| 0:55 | Altar of Darkness |
| 1:08 | Ghoul |
| 1:30 | Ghoul |
| 1:36 | Ziggurat |
| 1:55 | Tomb of Relics |
| 2:13 | Crypt Fiend |
| 2:26 | Acolyte |
| 2:42 | Ghoul |
| 2:44 | Crypt Fiend |
| 2:57 | Carrion Beetles |
| 3:02 | Rod of Necromancy |
| 3:02 | Sacrificial Skull |
| 3:28 | Crypt Fiend |
| 3:56 | Halls of the Dead |
| 4:03 | Spiked Carapace |
| 4:16 | Necropolis |
| 4:20 | Nerubian Tower |
| 4:36 | Ziggurat |
| 5:26 | Carrion Beetles |
| 6:03 | Acolyte |
| 6:03 | Acolyte |
| 6:03 | Acolyte |
| 6:04 | Acolyte |
| 6:37 | Black Citadel |
| 7:10 | Crypt Fiend |
| 7:16 | Death Coil |
| 7:28 | Scroll of Town Portal |
| 7:40 | Sacrificial Pit |
| 7:41 | Slaughterhouse |
| 8:29 | Crypt Fiend |
| 8:36 | Scroll of Town Portal |
| 8:50 | Obsidian Statue |
| 8:50 | Obsidian Statue |
| 8:58 | Potion of Mana |
| 9:11 | Acolyte |
| 10:06 | Obsidian Statue |
| 10:21 | Goblin Shredder |
| 11:03 | Unholy Aura |
| 11:06 | Frost Nova |
| 11:25 | Abomination |
| 11:38 | Sacrificial Pit |
| 11:52 | Spirit Tower |
| 12:25 | Spiked Carapace |
| 12:52 | Ziggurat |
| 12:53 | Ziggurat |
| 12:55 | Sacrificial Pit |
| 13:40 | Scroll of Town Portal |
| 13:45 | Acolyte |
| 13:45 | Acolyte |
| 14:38 | Ziggurat |
| 14:49 | Nerubian Tower |
| 14:58 | Necropolis |
| 15:42 | Death Coil |
| 15:43 | Frost Armor |
| 16:14 | Scroll of Town Portal |
| 16:27 | Ziggurat |
| 16:43 | Ziggurat |
| 17:19 | Nerubian Tower |
| 17:23 | Graveyard |
| 17:51 | Halls of the Dead |
| 17:57 | Acolyte |
| 17:57 | Acolyte |
| 17:58 | Acolyte |
| 17:58 | Acolyte |
| Right click | 772 |
| Select | 339 |
| Select group | 319 |
| Assign group | 127 |
| Build/train/purchase | 74 |
| Misc. action | 60 |
| Chat | 34 |
| Use ability | 33 |
| Resource trade | 33 |
| Minimap ping | 13 |
| Remove unit | 2 |
| Item give/drop | 1 |
| Esc | 1 |



x1)
| Scroll of Healing | 1 | 250 |
| Scroll of Town Portal | 2 | 700 |
| Tome of Retraining | 1 | 300 |
| Orb of Corruption | 1 | 375 |
| Scroll of the Beast | 1 | 400 |
| Gloves of Haste | 1 | 125 |
| Mantle of Intelligence +3 | 1 | 100 |
| total: | 8 | 2250g |
| Peasant | 17 | 1275 | / | 0 |
| Footman | 5 | 675 | / | 0 |
| Rifleman | 10 | 2050 | / | 300 |
| Mortar Team | 6 | 1080 | / | 420 |
| Priest | 5 | 675 | / | 50 |
| total: | 43 | 5755g | / | 770w |
| Altar of Kings | 1 | 180 | / | 50 |
| Barracks | 2 | 320 | / | 120 |
| Farm | 10 | 800 | / | 200 |
| Blacksmith | 1 | 140 | / | 60 |
| Arcane Vault | 1 | 130 | / | 30 |
| Town Hall | 2 | 770 | / | 410 |
| Lumber Mill | 1 | 120 | / | 0 |
| Arcane Sanctum | 1 | 150 | / | 140 |
| Workshop | 1 | 140 | / | 140 |
| Keep | 1 | 320 | / | 210 |
| Castle | 1 | 360 | / | 210 |
| total: | 20 | 2750g | / | 1150w |
| 0:01 | Peasant |
| 0:02 | Peasant |
| 0:08 | Altar of Kings |
| 0:18 | Barracks |
| 0:23 | Peasant |
| 0:34 | Farm |
| 0:43 | Peasant |
| 0:49 | Farm |
| 0:51 | Peasant |
| 1:03 | Peasant |
| 1:20 | Footman |
| 1:30 | Footman |
| 1:38 | Peasant |
| 1:50 | Peasant |
| 1:58 | Farm |
| 2:03 | Peasant |
| 2:06 | Peasant |
| 2:16 | Summon Water Elemental |
| 2:24 | Peasant |
| 2:46 | Footman |
| 2:46 | Peasant |
| 3:03 | Brilliance Aura |
| 3:10 | Footman |
| 3:14 | Farm |
| 3:30 | Blacksmith |
| 4:10 | Footman |
| 4:10 | Peasant |
| 4:16 | Arcane Vault |
| 4:23 | Town Hall |
| 4:36 | Barracks |
| 4:39 | Farm |
| 4:59 | Summon Water Elemental |
| 5:27 | Peasant |
| 6:02 | Keep |
| 6:07 | Rifleman |
| 6:10 | Farm |
| 6:10 | Farm |
| 6:13 | Lumber Mill |
| 6:17 | Peasant |
| 6:47 | Rifleman |
| 7:27 | Rifleman |
| 7:28 | Black Gunpowder |
| 7:32 | Farm |
| 8:04 | Brilliance Aura |
| 8:08 | Rifleman |
| 8:09 | Studded Leather Armor |
| 8:11 | Farm |
| 8:52 | Castle |
| 8:55 | Arcane Sanctum |
| 9:17 | Orb of Corruption |
| 9:17 | Scroll of Healing |
| 9:38 | Refined Gunpowder |
| 9:41 | Workshop |
| 10:49 | Long Rifles |
| 10:49 | Rifleman |
| 10:50 | Priest Adept Training |
| 10:55 | Summon Water Elemental |
| 10:59 | Flame Strike |
| 11:05 | Scroll of the Beast |
| 11:07 | Gloves of Haste |
| 11:07 | Mantle of Intelligence +3 |
| 11:14 | Fragmentation Shards |
| 11:18 | Imbued Gunpowder |
| 11:32 | Scroll of Town Portal |
| 12:06 | Priest Master Training |
| 12:08 | Mortar Team |
| 12:09 | Peasant |
| 12:10 | Peasant |
| 12:12 | Siphon Mana |
| 12:18 | Devotion Aura |
| 12:25 | Tome of Retraining |
| 12:25 | Retrain Hero |
| 12:26 | Blizzard |
| 12:26 | Blizzard |
| 12:27 | Brilliance Aura |
| 12:27 | Brilliance Aura |
| 12:27 | Brilliance Aura |
| 12:31 | Scroll of Town Portal |
| 12:53 | Rifleman |
| 14:07 | Holy Light |
| 14:17 | Rifleman |
| 14:18 | Priest |
| 14:22 | Town Hall |
| 14:54 | Priest |
| 14:54 | Mortar Team |
| 14:58 | Flame Strike |
| 15:35 | Rifleman |
| 15:35 | Priest |
| 15:36 | Mortar Team |
| 15:52 | Priest |
| 15:55 | Reinforced Leather Armor |
| 16:04 | Mortar Team |
| 16:51 | Mortar Team |
| 17:10 | Farm |
| 18:06 | Holy Light |
| 18:45 | Rifleman |
| 19:06 | Mass Teleport |
| 19:10 | Rifleman |
| 19:11 | Priest |
| 19:12 | Mortar Team |
| Select group | 685 |
| Right click | 603 |
| Select | 309 |
| Build/train/purchase | 111 |
| Misc. action | 67 |
| Use ability | 39 |
| Assign group | 24 |
| Minimap ping | 6 |
| Resource trade | 5 |


| Healing Salve | 3 | 300 |
| Lesser Clarity Potion | 2 | 140 |
| Scroll of Speed | 1 | 50 |
| Scroll of Town Portal | 4 | 1400 |
| Scroll of Healing | 2 | 500 |
| Potion of Lesser Invulnerability | 3 | 450 |
| Staff of Teleportation | 1 | 150 |
| Scroll of Protection | 1 | 150 |
| total: | 17 | 3140g |
| Peon | 7 | 525 | / | 0 |
| Troll Headhunter | 13 | 1820 | / | 260 |
| Kodo Beast | 2 | 510 | / | 120 |
| Troll Berserker | 3 | 420 | / | 60 |
| Shaman | 2 | 260 | / | 40 |
| Goblin Shredder | 1 | 375 | / | 100 |
| Goblin Zeppelin | 3 | 720 | / | 180 |
| total: | 31 | 4630g | / | 760w |
| Altar of Storms | 1 | 180 | / | 50 |
| Orc Burrow | 7 | 1120 | / | 280 |
| War Mill | 1 | 205 | / | 0 |
| Barracks | 2 | 360 | / | 100 |
| Voodoo Lounge | 1 | 130 | / | 30 |
| Beastiary | 1 | 145 | / | 140 |
| Spirit Lodge | 1 | 150 | / | 150 |
| Stronghold | 1 | 315 | / | 190 |
| Fortress | 1 | 325 | / | 190 |
| total: | 14 | 2290g | / | 750w |
| 0:01 | Peon |
| 0:02 | Peon |
| 0:10 | Altar of Storms |
| 0:18 | Orc Burrow |
| 0:28 | Peon |
| 0:44 | Peon |
| 0:55 | War Mill |
| 1:00 | Peon |
| 1:11 | Barracks |
| 1:27 | Peon |
| 1:49 | Barracks |
| 2:01 | Voodoo Lounge |
| 2:10 | Endurance Aura |
| 2:18 | Troll Headhunter |
| 2:31 | Orc Burrow |
| 2:36 | Troll Headhunter |
| 2:52 | Troll Headhunter |
| 3:11 | Steel Ranged Weapons |
| 3:15 | Healing Salve |
| 3:16 | Healing Salve |
| 3:22 | Troll Headhunter |
| 3:22 | Troll Headhunter |
| 3:23 | Peon |
| 3:38 | Troll Headhunter |
| 4:00 | Orc Burrow |
| 4:12 | Troll Headhunter |
| 4:17 | War Stomp |
| 4:29 | Healing Salve |
| 4:29 | Lesser Clarity Potion |
| 4:35 | Troll Headhunter |
| 5:03 | Troll Headhunter |
| 5:53 | War Stomp |
| 5:57 | Stronghold |
| 5:58 | Troll Headhunter |
| 5:58 | Troll Headhunter |
| 6:12 | Steel Armor |
| 7:00 | Orc Burrow |
| 7:44 | Troll Headhunter |
| 8:11 | Orc Burrow |
| 8:19 | Goblin Shredder |
| 8:44 | Endurance Aura |
| 8:51 | Goblin Zeppelin |
| 8:51 | Goblin Zeppelin |
| 8:51 | Goblin Zeppelin |
| 9:03 | Reinforced Defenses |
| 9:39 | Fortress |
| 10:00 | Hex |
| 10:03 | Lesser Clarity Potion |
| 10:03 | Scroll of Speed |
| 10:19 | Scroll of Town Portal |
| 10:50 | Troll Headhunter |
| 10:52 | Troll Regeneration |
| 10:59 | Thorium Ranged Weapons |
| 11:34 | Beastiary |
| 12:14 | Berserker Upgrade |
| 12:15 | Arcanite Ranged Weapons |
| 12:26 | Scroll of Town Portal |
| 12:27 | Potion of Lesser Invulnerability |
| 12:31 | Scroll of Healing |
| 12:47 | War Stomp |
| 12:58 | War Drums Damage Increase |
| 13:19 | Scroll of Town Portal |
| 13:20 | Potion of Lesser Invulnerability |
| 13:25 | Healing Wave |
| 14:18 | Healing Wave |
| 14:25 | Kodo Beast |
| 14:26 | Thorium Armor |
| 14:28 | Spirit Lodge |
| 15:35 | Troll Berserker |
| 15:35 | Troll Berserker |
| 16:04 | Troll Berserker |
| 16:05 | Orc Burrow |
| 16:07 | Shaman Adept Training |
| 16:51 | Orc Burrow |
| 17:25 | Scroll of Healing |
| 17:26 | Staff of Teleportation |
| 17:26 | Potion of Lesser Invulnerability |
| 17:27 | Scroll of Protection |
| 17:31 | Scroll of Town Portal |
| 17:45 | Shaman Master Training |
| 18:35 | Reincarnation |
| 18:43 | Shaman |
| 18:44 | Kodo Beast |
| 19:15 | Shaman |
| Right click | 1052 |
| Select group | 793 |
| Select | 487 |
| Chat | 351 |
| Build/train/purchase | 156 |
| Assign group | 128 |
| Misc. action | 111 |
| Use ability | 56 |
| Resource trade | 20 |
| Minimap ping | 11 |
| Item give/drop | 4 |
| Esc | 2 |
⇛